 Dungeon Crawl Stone Soup version 0.17.0-28-g6e173f8 (webtiles) character file.

62 sugabear the Cudgeler (level 4, 0/27 HPs)
             Began as a Gargoyle Gladiator on Dec 2, 2015.
             Slain by sugabear's ghost (11 damage)
             ... on level 3 of the Dungeon.
             The game lasted 00:03:25 (2260 turns).

sugabear the Cudgeler (Gargoyle Gladiator)          Turns: 2260, Time: 00:03:26

Health: 0/27       AC:  7    Str: 24    XL:     4   Next: 8%
Magic:  4/4        EV: 12    Int:  8    God:
Gold:   91         SH:  0    Dex: 11    Spells: 0 memorised, 3 levels left

rFire  + . .     SeeInvis .     a - +0 flail
rCold  + . .     Clarity  .     b - +0 leather armour
rNeg   + . .     SustAt   .     (no shield)
rPois  ∞         Gourm    .     c - +0 helmet
rElec  +         Spirit   .     (no cloak)
rCorr  +         Warding  .     (no gloves)
rMut   .         Stasis   .     (no boots)
MR     .....                    (no amulet)
Stlth  +.........               (no ring)
                                (no ring)

@: mighty, resistant, not resistant to hostile enchantments, very unstealthy
A: negative energy resistance 1, electricity resistance, unbreathing,
petrification resistance, rot immunity, AC +3
a: no special abilities


You were on level 3 of the Dungeon.
You were not hungry.

You visited 1 branch of the dungeon, and saw 4 of its levels.

You collected 91 gold pieces.

Inventory:

Hand Weapons
 a - a +0 flail (weapon)
Missiles
 d - 3 throwing nets (quivered)
Armour
 b - a +0 leather armour (worn)
 c - a +0 helmet (worn)
Scrolls
 g - 3 scrolls of remove curse {unknown}
 k - 2 scrolls of identify {unknown}
 m - a scroll of teleportation {unknown}
 n - 3 scrolls of enchant armour {unknown}
 p - a scroll of random uselessness {unknown}
 q - a scroll of magic mapping {unknown}
Potions
 i - 2 potions of curing {unknown}
 j - a potion of degeneration {unknown}
 l - a potion of heal wounds {unknown}
Comestibles
 e - a bread ration


   Skills:
 + Level 2.4 Fighting
 + Level 3.6 Maces & Flails
 + Level 1.9 Throwing
 + Level 1.0 Armour
 + Level 3.1 Dodging
 + Level 0.2 Stealth


You had 3 spell levels left.
You didn't know any spells.

Dungeon Overview and Level Annotations

Branches:
Dungeon (4/15)
 Temple: D:4-7

Altars:
Nemelex Xobeh

Annotations:
D:3 sugabear's ghost, amateur GrGl


Innate Abilities, Weirdness & Mutations

You are resistant to torment.
Your stone body is resilient (AC +3).
You are immune to poison.
You resist negative energy.
You are resistant to electric shocks.
You can survive without breathing.
You are immune to petrification.
You are immune to rotting.


Message History

There is a stone staircase leading up here.
Drink which item? (? for menu, Esc to quit)
It was a potion of resistance.
You feel protected.
Drink which item? (? for menu, Esc to quit)
It was a potion of might.
You feel very mighty all of a sudden. Sugabear's ghost closely misses you.
You closely miss sugabear's ghost. Sugabear's ghost hits you!
You hit sugabear's ghost but do no damage.
Sugabear's ghost hits you. Sugabear's ghost closely misses you.
You barely miss sugabear's ghost. Sugabear's ghost closely misses you.
You hit sugabear's ghost.
Sugabear's ghost is lightly damaged.
Sugabear's ghost hits you but does no damage.
You closely miss sugabear's ghost.
Sugabear's ghost is lightly damaged.
Sugabear's ghost whispers, "Death is liberation."
Sugabear's ghost hits you!
You die...

#.#####.#........#<#
#.###.#
#.###.######.#
#.....# #.# #.# #.#
#####.# #.# #.# #.#
#.# #.# #J# #.# #.#
#.# #.# #.# #.# #.#
#.# #.# #.# #.###.#
#.# #.# #.W@#.#
#.#########.#
#.#......J..#
#.#W######### #.#.#
#...# #####


You could see sugabear's ghost.

Vanquished Creatures
  An adder (D:2)
  3 giant geckos
  A ball python (D:1)
  7 hobgoblins
  7 kobolds
  A quokka (D:3)
  7 bats
  5 giant newts
  8 goblins
  8 rats
48 creatures vanquished.

Notes
Turn   | Place    | Note
--------------------------------------------------------------
     0 | D:1      | sugabear the Gargoyle Gladiator began the quest for the Orb.
     0 | D:1      | Reached XP level 1. HP: 12/12 MP: 1/1
   280 | D:1      | Reached XP level 2. HP: 14/17 MP: 2/2
   404 | D:1      | Reached XP level 3. HP: 13/22 MP: 3/3
   935 | D:2      | Found a sparkling altar of Nemelex Xobeh.
  1466 | D:3      | Reached skill level 1 in Armour
  1466 | D:3      | Reached XP level 4. HP: 8/27 MP: 4/4
  1742 | D:3      | Noticed sugabear's ghost (amateur GrGl)
  2260 | D:3      | Slain by sugabear's ghost

Action                   |  1- 3 |  4- 6 || total
-------------------------+-------+-------++-------
Melee: Flail             |   148 |    17 ||   165
  Use: Potion            |       |     2 ||     2
 Stab: Sleeping          |     1 |       ||     1
  Eat: Chunk             |     2 |       ||     2
       Meat ration       |       |     1 ||     1
